 Dungeon Crawl Stone Soup version 0.23-a0-338-g8ff0b24 (webtiles) character file.

158 Ijustatesigmund the Grasshopper (level 5, 0/31 HPs)
             Began as an Octopode Wizard on Oct 18, 2018.
             Succumbed to a worker ant's poison
             ... on level 3 of the Dungeon.
             The game lasted 00:05:52 (5342 turns).

Ijustatesigmund the Grasshopper (Octopode Wizard)   Turns: 5342, Time: 00:05:53

Health: 0/31       AC:  1    Str:  6    XL:     5   Next: 40%
Magic:  8/9        EV: 13    Int: 20    God:
Gold:   38         SH:  0    Dex: 12    Spells: 4/10 levels left

rFire    . . .     SeeInvis .   c - +1 flail
rCold    . . .     Gourm    .   (no shield)
rNeg     . . .     Faith    .   a - +0 hat
rPois    .         Spirit   .   (no amulet)
rElec    .         Reflect  .   (no ring)
rCorr    .         Harm     .   (no ring)
MR       .....                  (no ring)
Stlth    +++.......             (no ring)
HPRegen  0.10/turn              (no ring)
MPRegen  0.11/turn              (no ring)
                                (no ring)
                                (no ring)

@: lethally poisoned (0 -> -23), berserk cooldown, slowed, very slow
A: almost no armour, stealthy swim, amphibious, 8 rings, constrict 8, camouflage
1, gelatinous body 1
a: no special abilities


You were on level 3 of the Dungeon.
You were not hungry.

You visited 1 branch of the dungeon, and saw 3 of its levels.

You collected 38 gold pieces.

Inventory:

Hand Weapons
 c - a +1 flail (weapon)
Missiles
 f - a throwing net (quivered)
Armour
 a - a +0 hat (worn)
Scrolls
 d - 2 scrolls of fog
 g - a scroll of identify
Potions
 e - a potion of brilliance
 j - a potion of lignification
Comestibles
 i - 2 rations


   Skills:
 + Level 1.3 Maces & Flails
 - Level 2.0 Dodging
 - Level 2.6 Stealth
 - Level 3.0 Spellcasting
 - Level 2.8 Conjurations
   Level 1.0 Summonings
 - Level 3.1 Translocations
 + Level 1.2 Air Magic
 + Level 1.6 Poison Magic


You had 4 spell levels left.
You knew the following spells:

 Your Spells              Type           Power        Failure   Level  Hunger
a - Magic Dart            Conj           ##..         4%          1    None
b - Blink                 Tloc           N/A          6%          2    ##.....
c - Mephitic Cloud        Conj/Pois/Air  ##......     19%         3    ###....

Your spell library contained the following spells:

 Spells                   Type           Power        Failure   Level  Hunger
 Call Imp                 Summ           #.......     14%         2    ##.....
 Slow                     Hex            #.......     22%         2    ##.....
 Conjure Flame            Conj/Fire      #.......     24%         3    ###....


Dungeon Overview and Level Annotations

Branches:
Dungeon (3/15)

Altars:
Nemelex Xobeh
Trog
The Shining One


Innate Abilities, Weirdness & Mutations

You cannot wear most types of armour.
You are very stealthy in the water. (Stealth+)
You are amphibious.
You can wear up to eight rings at the same time.
You can use your tentacles to constrict eight enemies at once.
Your skin changes colour to match your surroundings (Stealth+).
Your rubbery body absorbs attacks. (AC +1, EV +1)


Message History

You are more poisoned.
The worker ant poisons you!
You sock the worker ant!
You kill the worker ant!
* * * LOW HITPOINT WARNING * * *
You feel sick.
* * * LOW HITPOINT WARNING * * *
You feel sick.
You see here a worker ant corpse.
You feel a strong urge to attack something.
* * * LOW HITPOINT WARNING * * *
You feel sick.
There is a stone staircase leading down here.
You are too berserk!
* * * LOW HITPOINT WARNING * * *
You feel sick.
You feel your anger nearly subside.
You are no longer berserk.
You are exhausted.
You feel yourself slow down.
You die...

.#... .#..
... ..# ##..
#.. #.# ##
#@# ...##
#.# #...##>#
#...†#
###.<#
###†)#######
#...(......#
#..........#
#..........#


There were no monsters in sight!

Vanquished Creatures
  A worker ant (D:3)
  3 gnolls
  3 adders (D:2)
  A worm (D:2)
  4 dart slugs
  2 leopard geckos (D:2)
  4 orcs
  3 giant cockroaches
  6 goblins
  7 hobgoblins
  8 jackals
  A quokka (D:2)
  7 bats
  4 frilled lizards
  4 kobolds
  9 rats
67 creatures vanquished.

Notes
Turn   | Place    | Note
-------+----------+-------------------------------------------
     0 | D:1      | Ijustatesigmund the Octopode Wizard began the quest for the
                  | Orb.
     0 | D:1      | Reached XP level 1. HP: 11/11 MP: 4/4
   940 | D:1      | Reached XP level 2. HP: 17/17 MP: 0/6
  1128 | D:1      | Learned a level 2 spell: Blink
  1962 | D:1      | Reached XP level 3. HP: 21/21 MP: 5/7
  2003 | D:1      | Learned a level 3 spell: Mephitic Cloud
  3051 | D:2      | Reached XP level 4. HP: 25/27 MP: 0/8
  3217 | D:2      | Found a bloodstained altar of Trog.
  3286 | D:2      | Found a glowing golden altar of the Shining One.
  4052 | D:2      | Found a sparkling altar of Nemelex Xobeh.
  4854 | D:2      | Reached skill level 1 in Poison Magic
  4854 | D:2      | Reached XP level 5. HP: 17/31 MP: 1/9
  5080 | D:2      | Reached skill level 1 in Maces & Flails
  5080 | D:2      | Reached skill level 1 in Air Magic
  5340 | D:3      | HP: 2/46 [poisoned by a worker ant]
  5342 | D:3      | Succumbed to a worker ant's poison

Vault maps used:
D:1:      nzn_arrival_settlement, chequers_serial_rivers_micro_b,
          minmay_misc_feat_plants
D:2:      nicolae_tso_carved_into_rock, bloody_trog, lemuel_round_altar,
          first_ration, serial_forest, infiniplex_forest_lined_room_,
          infiniplex_forest_clump_double, infiniplex_forest_corner_1,
          infiniplex_forest_lined_3_way, infiniplex_forest_lined_2,
          infiniplex_forest_clump_long, infiniplex_forest_lined_room_,
          infiniplex_forest_zigzag_1
D:3:      uniq_grinder

Skill      XL: |  1  2  3  4  5 |
---------------+----------------+-----
Conjurations   | 2 |  2.8
Translocations | 2 3 |  3.1
Poison Magic   | 1 |  1.6
Maces & Flails | 1 |  1.3
Air Magic      | 1 |  1.2
Dodging        | |  2.0
Stealth        | |  2.6
Spellcasting   | |  3.0
Summonings     | |  1.0

Action                   |  1- 3 |  4- 6 || total
-------------------------+-------+-------++-------
Melee: Unarmed           |    29 |       ||    29
       Constrict         |     9 |    10 ||    19
       Tentacles         |     7 |     3 ||    10
       Mace              |     7 |       ||     7
       Flail             |       |    46 ||    46
 Cast: Magic Dart        |    57 |    63 ||   120
       Blink             |     3 |     1 ||     4
       Mephitic Cloud    |     1 |     1 ||     2
  Use: Scroll            |       |     7 ||     7
       Potion            |       |     2 ||     2
 Stab: Sleeping          |       |     1 ||     1
  Eat: Ration            |     2 |       ||     2
       Chunk             |       |     7 ||     7
Armor: Skin              |     6 |     4 ||    10
Dodge: Dodged            |    27 |    43 ||    70

Table legend:
 A = Non-vault XP
 B = Vault XP
 C = Vault XP percentage of total XP
 D = Non-vault monster count
 E = Vault monster count
 F = Vault count percentage of total count
                 A         B        C        D         E       F
            +---------+---------+-------+---------+---------+-------
      Total |     227 |       0 |   0.0 |      67 |       0 |   0.0
            +---------+---------+-------+---------+---------+-------
        D:1 |      77 |       0 |   0.0 |      28 |       0 |   0.0
        D:2 |     101 |       0 |   0.0 |      30 |       0 |   0.0
        D:3 |      49 |       0 |   0.0 |       9 |       0 |   0.0
            +---------+---------+-------+---------+---------+-------
